Map: Kairos Junction LE

Players

Hydeen

  • Race: Zerg Zerg
  • Spawn Location: 11:00

Tiny - Winner!

  • Race: Terran Terran
  • League: Diamond
  • Spawn Location: 5:00

VOD

Have the link to the VOD?

Description

Time

  • Played on: Dec. 12, 2018, 9:45 a.m.
  • Length: 20:59
Show
View Real Time Build Order
Export as new Build Order

Hydeen Zerg 

Build Orders: Hatch First 

Get SALT Encoding   

  12  0:00  Drone  
  13  0:12  Overlord  
  13  0:16  Drone  
  14  0:30  Drone x2  
  16  0:50  Hatchery  
  16  0:53  Drone  
  16  0:56  Drone  
  17  1:00  Drone  
  18  1:11  Extractor  
  17  1:17  Spawning Pool  
  16  1:20  Drone  
  16  1:23  Drone  
  18  1:28  Drone  
  19  1:38  Overlord  
  19  1:50  Drone  
  20  2:04  Zergling x4, Queen x2  
  26  2:14  Metabolic Boost  
  26  2:36  Hatchery  
  24  2:50  Queen x2  
  28  2:53  Drone  
  28  2:56  Drone  
  30  3:01  Drone x2  
  32  3:21  Drone  
  32  3:22  Drone x2  
  32  3:23  Drone  
  32  3:24  Overlord  
  32  3:26  Overlord  
  36  3:51  Queen  
  36  3:52  Queen x2  
  42  3:56  Drone x5  
  47  4:23  Drone x2  
  47  4:24  Overlord x2, Drone x3  
  52  4:25  Drone  
  52  4:26  Drone  
  52  4:29  Spore Crawler  
  53  4:44  Extractor  
  52  4:46  Extractor  
  52  4:48  Lair  
  52  4:49  Roach Warren  
  52  4:52  Evolution Chamber  
  49  4:56  Evolution Chamber  
  47  5:15  Drone  
  47  5:16  Drone x17  
  65  5:36  Zerg Missile Weapons Level 1  
  65  5:45  Zergling x2  
  65  5:47  Overlord x3  
  66  6:00  Extractor  
  66  6:02  Extractor  
  64  6:14  Roach  
  64  6:15  Roach x11  
  77  6:26  Zergling x8  
  77  6:27  Zergling x14  
  87  6:45  Overseer x2  
  56  7:25  Roach x4  
  56  7:26  Roach x5  
  74  7:41  Zerg Missile Weapons Level 2  
  74  7:44  Overlord x6  
  74  7:54  Overseer x3  
  74  7:59  Glial Reconstitution  
  74  8:01  Queen x3  
  67  8:40  Roach  
  67  8:41  Roach x15  
  91  8:47  Overseer  
  95  9:10  Drone x8  
  95  9:11  Drone  
  104  9:24  Pneumatized Carapace  
  92  9:45  Roach  
  90  9:46  Overlord x2  
  90  9:47  Overlord x3  
  90  9:53  Zerg Ground Armor Level 1  
  90  10:01  Hydralisk Den  
  89  10:15  Roach x13  
  89  10:16  Roach  
  87  10:34  Roach  
  87  10:35  Roach x12  
  111  10:55  Hatchery, Drone x5  
  111  10:56  Drone  
  116  11:10  Grooved Spines, Spore Crawler, Hydralisk  
  116  11:11  Hydralisk x2  
  121  11:22  Infestation Pit  
  120  11:48  Hydralisk  
  120  11:50  Overlord x2  
  120  11:51  Overlord x6  
  118  11:59  Overseer x4  
  118  12:12  Drone x5  
  118  12:13  Drone x5  
  118  12:14  Hydralisk  
  118  12:15  Roach, Hydralisk x3  
  134  12:16  Roach x2  
  134  12:17  Overseer  
  134  12:21  Muscular Augments  
  142  12:37  Hydralisk  
  142  12:38  Roach x2, Hydralisk x5  
  142  12:39  Roach x4  
  140  13:43  Hydralisk x2  
  140  13:44  Roach  
  114  13:58  Hydralisk  
  114  13:59  Roach, Hydralisk x4  
  114  14:00  Roach x5, Hydralisk x2  
  114  14:02  Roach, Hydralisk x5  
  146  14:03  Roach x3, Hydralisk  
  122  14:22  Extractor  
  117  14:24  Extractor  
  117  14:25  Overseer  
  117  14:26  Overlord, Overseer  
  117  14:27  Overlord x5  
  114  14:37  Hydralisk x2  
  114  14:38  Roach x3, Hydralisk x2  
  122  14:39  Roach x2  
  122  14:40  Roach  
  134  15:03  Overseer x5  
  134  15:35  Roach, Hydralisk x5  
  118  15:36  Roach x4, Hydralisk  
  118  15:39  Roach, Hydralisk  
  118  15:40  Roach x2  
  142  15:43  Zergling x8  
  142  15:44  Zergling x20  
  152  16:01  Overseer x4  
  146  16:09  Spore Crawler  
  146  16:10  Spore Crawler  
  136  16:37  Roach, Hydralisk x5  
  136  16:38  Roach x4, Hydralisk  
  142  16:50  Hive  
  137  17:18  Hydralisk x2  
  137  17:19  Roach  
  143  17:28  Hydralisk  
  143  17:29  Hydralisk x10  
  144  17:30  Hydralisk  
  109  17:53  Hydralisk  
  109  17:54  Hydralisk x2  
  75  18:15  Hydralisk  
  75  18:16  Hydralisk x17  
  87  18:27  Extractor  
  87  18:28  Adrenal Glands  
  84  19:02  Hydralisk x2  
  84  19:03  Hatchery, Hydralisk x2  
  91  19:12  Zergling x4  
  93  19:38  Drone  
  93  19:39  Drone x2  
  96  20:02  Zergling x2  
  96  20:03  Zergling x10  
  102  20:20  Zergling x2  
  102  20:21  Zergling x8  
Show
View Real Time Build Order
Export as new Build Order

Tiny Terran - Winner!

Build Orders:  

Get SALT Encoding   

  12  0:01  SCV  
  13  0:15  SCV  
  13  0:21  Supply Depot  
  14  0:27  SCV  
  15  0:36  Refinery  
  15  0:42  SCV  
  16  0:46  Barracks  
  16  0:54  SCV  
  17  1:06  SCV  
  18  1:18  SCV  
  19  1:31  SCV  
  20  1:36  Reaper  
  20  1:39  Command Center  
  21  1:46  Orbital Command  
  21  2:04  Factory  
  21  2:12  SCV  
  22  2:16  Barracks Reactor  
  22  2:18  Supply Depot  
  22  2:20  Refinery  
  22  2:24  SCV  
  23  2:40  SCV  
  24  2:52  SCV  
  24  2:55  Supply Depot  
  24  2:57  Orbital Command  
  25  3:01  Hellion x2  
  25  3:04  Barracks Tech Lab, SCV  
  30  3:22  Hellion, Supply Depot  
  30  3:23  Hellion  
  30  3:26  Factory, SCV  
  35  3:44  SCV x2  
  35  3:45  Supply Depot  
  37  3:54  Factory  
  37  3:56  SCV x2  
  37  4:01  Barracks Reactor, Armory  
  39  4:08  Supply Depot  
  39  4:15  SCV x2  
  39  4:22  Widow Mine x2  
  43  4:27  SCV x2  
  43  4:29  Engineering Bay  
  45  4:37  Supply Depot  
  45  4:39  SCV x2  
  47  4:46  Marine  
  47  4:50  Widow Mine x5, Drilling Claws  
  47  4:51  SCV x2  
  60  5:03  SCV x2  
  60  5:06  Refinery  
  62  5:11  Widow Mine x4  
  70  5:16  Refinery  
  70  5:20  SCV x2  
  72  5:22  Missile Turret  
  72  5:24  Missile Turret  
  72  5:27  Widow Mine  
  74  5:32  Widow Mine, SCV x2  
  78  5:39  Command Center  
  78  5:44  SCV  
  79  5:51  SCV  
  79  5:53  Widow Mine x3  
  79  5:56  Supply Depot x2  
  86  5:59  Terran Vehicle And Ship Armor Level 1  
  86  6:18  Widow Mine, SCV  
  89  6:29  Widow Mine x4  
  94  6:39  Widow Mine  
  92  6:50  Widow Mine x2  
  92  6:51  Widow Mine x2  
  100  7:01  Widow Mine  
  90  7:12  Widow Mine x3  
  96  7:22  Widow Mine x2  
  100  7:27  Planetary Fortress  
  100  7:30  SCV x2, Missile Turret  
  100  7:33  Widow Mine x2  
  106  7:37  Command Center  
  106  7:40  Starport x2, Armory  
  106  7:42  SCV  
  106  7:43  SCV  
  108  7:48  Refinery  
  108  7:52  Refinery  
  108  7:54  SCV  
  108  7:55  SCV  
  106  8:07  SCV  
  99  8:14  Widow Mine x3  
  99  8:15  Widow Mine x2  
  99  8:30  SCV x3  
  96  8:35  Starport Tech Lab x2  
  96  8:36  Widow Mine x5, Terran Ship Weapons Level 1  
  106  8:42  SCV x3  
  109  8:50  Supply Depot x2  
  109  8:52  Supply Depot x2  
  109  8:54  SCV x3, Supply Depot  
  108  8:57  Widow Mine  
  110  9:19  Command Center  
  110  9:20  Terran Vehicle And Ship Armor Level 2  
  110  9:22  Fusion Core  
  110  9:23  Widow Mine x5  
  106  9:44  Widow Mine x2  
  106  9:45  Widow Mine x3  
  104  9:53  Missile Turret  
  104  9:55  Missile Turret x2  
  104  9:59  Barracks Reactor  
  104  10:04  Factory  
  104  10:05  Planetary Fortress  
  104  10:06  Widow Mine x5  
  114  10:07  Factory, SCV x2  
  114  10:08  SCV  
  114  10:10  Neosteel Armor  
  117  10:19  SCV x2  
  117  10:20  SCV  
  112  10:27  Widow Mine x2  
  115  10:35  SCV x2  
  115  10:36  SCV  
  115  10:37  Refinery  
  115  10:38  Weapon Refit, Refinery  
  115  10:40  Orbital Command  
  117  10:44  SCV  
  117  10:47  SCV  
  117  10:48  SCV x2, Supply Depot  
  117  10:49  Supply Depot  
  121  10:51  Supply Depot  
  121  10:56  SCV  
  122  10:57  Factory Reactor  
  122  11:12  Command Center  
  122  11:15  Terran Ship Weapons Level 2  
  122  11:24  Orbital Command  
  122  11:37  Battlecruiser x2  
  122  11:39  Command Center, Missile Turret  
  134  11:40  Starport  
  134  11:41  Missile Turret x2  
  134  11:56  Widow Mine  
  134  11:58  Widow Mine  
  134  11:59  Widow Mine x7  
  134  12:00  Refinery  
  152  12:02  Refinery x2  
  152  12:05  Refinery  
  152  12:16  Hi-Sec Auto Tracking  
  152  12:17  Terran Vehicle And Ship Armor Level 3, Widow Mine  
  152  12:19  Widow Mine, Starport Tech Lab  
  154  12:29  Planetary Fortress  
  154  12:38  Battlecruiser  
  154  12:40  Widow Mine x4  
  154  12:41  Battlecruiser, Widow Mine  
  160  13:11  Widow Mine x2  
  160  13:12  Widow Mine x5  
  172  13:30  Widow Mine  
  172  13:31  Orbital Command  
  172  13:33  Widow Mine x5  
  158  13:49  Widow Mine x2  
  158  13:50  Widow Mine  
  158  13:51  Widow Mine  
  158  13:54  Widow Mine  
  158  14:08  SCV x4  
  158  14:09  SCV  
  161  14:11  Widow Mine  
  161  14:18  Battlecruiser x3  
  161  14:20  SCV x2  
  181  14:27  SCV  
  181  14:28  SCV x2  
  184  14:32  SCV x2  
  186  14:40  SCV x2  
  186  14:45  Widow Mine x6  
  200  14:49  Terran Ship Weapons Level 3  
  200  14:53  Starport  
  200  14:55  Starport  
  182  15:37  Widow Mine x5  
  182  15:38  Battlecruiser x3, Starport Tech Lab x2  
  172  16:02  Widow Mine x4  
  172  16:03  Battlecruiser, Widow Mine x5  
  194  16:29  Raven  
  186  16:34  Widow Mine  
  186  16:35  Widow Mine x3  
  186  16:38  SCV x2  
  195  16:54  SCV  
  195  17:10  Supply Depot  
  195  17:12  Supply Depot  
  195  17:14  Command Center, Missile Turret, Refinery  
  177  17:15  Missile Turret  
  177  17:18  Refinery, Missile Turret  
  169  17:50  Battlecruiser x5  
  196  18:03  Widow Mine  
  196  18:04  Widow Mine  
  191  18:24  SCV x4  
  191  18:25  SCV  
  193  18:28  Planetary Fortress  
  193  19:02  Battlecruiser  
  199  19:12  Refinery  
  199  19:50  SCV  
Tags
 
Add a new tag
Caveats
  • Supply blocks, unpowered buildings, or Contaminate may cause inaccurate times.
  • Supply counts are checked every 10 seconds.